 Dungeon Crawl Stone Soup version 0.31-a0-229-g1fc7ce93e2 (webtiles) character file.

Game seed: 15502724318897765635

77 innerfire43 the Trooper (level 4, -1/38 HPs)
             Began as a Demonspawn Monk on July 6, 2023.
             Slain by a sleepcap (12 damage)
             ... on level 4 of the Dungeon.
             The game lasted 00:02:13 (2460 turns).

innerfire43 the Trooper (Demonspawn Monk)           Turns: 2460, Time: 00:02:14

Health: -1/38      AC:  3    Str: 14    XL:     4   Next: 13%
Magic:  4/4        EV:  2    Int: 11    God:
Gold:   217        SH:  0    Dex: 15    Spells: 3/3 levels left

rFire   . . .        g - +4 dagger
rCold   . . .        d - orb {light}
rNeg    . . .        b - +0 robe
rPois   .            (no helmet)
rElec   .            (no cloak)
rCorr   .            (no gloves)
SInv    .            (no boots)
Will    .....        (no amulet)
Stlth   +            (no ring)
HPRegen 0.26/turn    (no ring)
MPRegen 0.09/turn

%: no passive effects
@: sleeping, glowing
A: hooves 2, rugged brown scales 1
a: no special abilities


You were on level 4 of the Dungeon.
You visited 1 branch of the dungeon, and saw 4 of its levels.

You collected 217 gold pieces.

Inventory:

Hand Weapons
 a - a +0 hand axe
 g - a +4 dagger (weapon)
Armour
 b - a +0 robe (worn)
 d - an orb of light (worn)
Jewellery
 n - a ring of wizardry
Scrolls
 l - a scroll of fear
 m - 2 scrolls of amnesia {unknown}
 o - a scroll of identify {unknown}
Potions
 c - 3 potions of ambrosia
 e - a potion of berserk rage {unknown}
 f - a potion of might {unknown}
 h - a potion of heal wounds {unknown}
 i - a potion of curing {unknown}
 j - a potion of enlightenment {unknown}
 k - a potion of cancellation {unknown}


   Skills:
 + Level 3.7 Fighting
 * Level 1.0 Short Blades
 - Level 3.2 Axes
 + Level 3.3 Dodging


You had 3 spell levels left.
You didn't know any spells.
Your spell library contained the following spells:

 Spells                   Type           Power      Damage    Failure   Level
 Magic Dart               Conj           0%         1d3       34%         1
 Call Imp                 Summ           0%         N/A       47%         2
 Ensorcelled Hibernation  Hex/Ice        0%         N/A       47%         2
 Passwall                 Tmut/Erth      0%         N/A       47%         2
 Mephitic Cloud           Conj/Pois/Air  0%         N/A       71%         3
 Swiftness                Air            0%         N/A       71%         3


Dungeon Overview and Level Annotations

Branches:
Dungeon (4/15)
 Temple: D:4-7

Altars:
Kikubaaqudgha
Makhleb


Innate Abilities, Weirdness & Mutations

You have hoof-like feet.
You are partially covered in rugged brown scales. (AC +1, +3% HP)


Message History

You fall asleep.
The sleepcap releases spores at you!!
You wake up.
Unknown command.
You hit the sleepcap.
The sleepcap is lightly damaged.
You hit the sleepcap.
The sleepcap is lightly damaged.
The sleepcap releases spores at you.
Unknown command.
You hit the sleepcap but do no damage. You kick the sleepcap.
The sleepcap is lightly damaged.
The sleepcap closely misses you.
You hit the sleepcap.
You kick the sleepcap, but do no damage.
The sleepcap is moderately damaged.
The sleepcap releases spores at you.
Unknown command.
You hit the sleepcap.
You kick the sleepcap, but do no damage.
The sleepcap is moderately damaged.
The sleepcap misses you.
You hit the sleepcap.
The sleepcap is heavily damaged.
The sleepcap barely misses you.
Unknown command.
You hit the sleepcap but do no damage. You kick the sleepcap.
The sleepcap is severely damaged.
The sleepcap completely misses you.
You hit the sleepcap.
The sleepcap is severely damaged.
The sleepcap barely misses you.
Unknown command.
You hit the sleepcap.
The sleepcap is severely damaged.
The sleepcap releases spores at you.
* * * LOW HITPOINT WARNING * * *
You are engulfed in a cloud of soporific spores!
You fall asleep.
The sleepcap releases spores at you!
You die...

##.........##
#......<....# ##
#..........## .#
...........##
##.##..
......##..#.##.....
.....> #.....#..#
..#..# #........##
...#.
##.###....#... ..#.
###..@.......
#...f####.≈≈
#......## ≈.
..#>##. . . ## #.
##


You could see a sleepcap.

Vanquished Creatures
  2 adders
  A worm (D:2)
  2 dart slugs (D:1)
  6 orcs (D:3)
  8 bats
  3 endoplasms
  A giant cockroach (D:3)
  3 goblins
  4 hobgoblins (D:1)
  2 quokkas
  2 ball pythons (D:1)
  3 frilled lizards (D:1)
  3 kobolds
  5 rats
45 creatures vanquished.

Notes
Turn   | Place    | Note
-------+----------+-------------------------------------------
     0 | D:1      | innerfire43 the Demonspawn Monk began the quest for the
                  | Orb.
     0 | D:1      | Reached XP level 1. HP: 18/18 MP: 1/1
    91 | D:1      | Gained mutation: You have large cloven feet. [demonic
                  | ancestry]
    91 | D:1      | Reached XP level 2. HP: 18/24 MP: 2/2
   327 | D:1      | Gained mutation: You are partially covered in rugged brown
                  | scales. (AC +1, +3% HP) [demonic ancestry]
   327 | D:1      | Reached XP level 3. HP: 24/29 MP: 3/3
  1280 | D:3      | Found an ancient bone altar of Kikubaaqudgha.
  1455 | D:3      | Gained mutation: You have hoof-like feet. [demonic
                  | ancestry]
  1455 | D:3      | Reached XP level 4. HP: 31/38 MP: 4/4
  1744 | D:3      | Found a burning altar of Makhleb.
  2056 | D:3      | Reached skill level 1 in Short Blades
  2460 | D:4      | Slain by a sleepcap

Illustrated notes

Levels and vault maps discovered:
D:1:      sevenhm_arrival_forest_fort_large_2, layout_rooms, st_stairs_1
D:2:      layout_basic, basic_altar
D:3:      layout_basic, lemuel_round_altar, mainiacjoe_overflow_cross_hatched,
          minmay_fountain_box, minmay_parallelograms
D:4:      layout_cave_pools, mainiacjoe_overflow_paths,
          mainiacjoe_overflow_brackets, nicolae_shop_dragon_depot

Skill      XL: |  1  2  3  4 |
---------------+-------------+-----
Dodging        | 3 |  3.3
Axes           | 3 |  3.2
Short Blades   | 1 |  1.0
Fighting       | |  3.7

Action                     |  1- 3 |  4- 6 || total
---------------------------+-------+-------++-------
  Melee: Hand axe          |    63 |       ||    63
         Kick              |    18 |     5 ||    23
         Dagger            |    21 |    22 ||    43
    Use: Scroll            |     3 |       ||     3
 Armour: Robe              |    15 |     2 ||    17
  Dodge: Dodged            |    68 |    11 ||    79

Table legend: (Time is in decaauts)
 A = Elapsed time spent in this place.
 B = Non-inter-level travel time spent in this place.
 C = Inter-level travel time spent in this place.
 D = Time resting spent in this place.
 E = Time spent auto-exploring this place.
 F = Levels seen in this place.
 G = Mean time per level.
                   A        B        C        D        E       F      G
               +--------+--------+--------+--------+--------+-----+--------+
         Total |   2466 |   2320 |    146 |      0 |   2053 |   4 |  616.5 |
       Dungeon |   2466 |   2320 |    146 |      0 |   2053 |   4 |  616.5 |
               +--------+--------+--------+--------+--------+-----+--------+

Top non-repeatable levels by time:
     D:3: 1159 daAuts
     D:1: 663 daAuts
     D:2: 622 daAuts
     D:4: 22 daAuts
